 Dungeon Crawl Stone Soup version 0.27-a0-1202-ge72e49191c (webtiles) character file.

Game seed: 10331256177938949598

34 Morbidden the Conjurer (level 3, -1/25 HPs)
             Began as a Demonspawn Conjurer on June 4, 2021.
             Slain by an orc wizard
             ... wielding a +0 dagger
              (2 damage)
             ... on level 2 of the Dungeon.
             The game lasted 00:02:43 (2380 turns).

Morbidden the Conjurer (Demonspawn Conjurer)        Turns: 2380, Time: 00:02:43

Health: -1/25      AC:  4    Str:  7    XL:     3   Next: 14%
Magic:  4/6        EV: 12    Int: 20    God:
Gold:   113        SH:  0    Dex: 11    Spells: 0/6 levels left

rFire    . . .     SeeInvis .   a - staff of air
rCold    . . .     Faith    .   (no shield)
rNeg     . . .     Spirit   .   i - +0 robe
rPois    .         Reflect  .   n - +0 helmet
rElec    +         Harm     .   (no cloak)
rCorr    .         Rampage  .   (no gloves)
Will     .....                  (no boots)
Stlth    ++........             (no amulet)
HPRegen  0.08/turn              (no ring)
MPRegen  0.10/turn              (no ring)

@: flying
A: rugged brown scales 1
a: no special abilities


You were on level 2 of the Dungeon.
You visited 1 branch of the dungeon, and saw 3 of its levels.

You collected 113 gold pieces.

Inventory:

Armour
 i - a +0 robe (worn)
 n - a +0 helmet (worn)
Magical Staves
 a - a staff of air (weapon)
Scrolls
 b - 2 scrolls of immolation
 e - a scroll of identify {unknown}
 f - 2 scrolls of teleportation {unknown}
 g - 3 scrolls of brand weapon {unknown}
 h - a scroll of noise {unknown}
 o - a scroll of vulnerability {unknown}
Potions
 c - a potion of cancellation
 d - a potion of flight
 j - 2 potions of heal wounds {unknown}
 k - a potion of mutation {unknown}
 l - a potion of curing {unknown}
 m - a potion of resistance {unknown}
 p - a potion of lignification {unknown}


   Skills:
 * Level 0.8 Fighting
 + Level 2.0 Dodging
 + Level 1.8 Stealth
 * Level 2.3 Spellcasting
 * Level 4.5 Conjurations


You couldn't memorise any spells.
You knew the following spells:

 Your Spells              Type           Power      Damage    Failure   Level
a - Magic Dart            Conj           80%        1d7       2%          1
b - Searing Ray           Conj           40%        3d4       3%          2
c - Shock                 Conj/Air       68%        1d7       6%          1
z - Static Discharge      Conj/Air       17%        N/A       9%          2

Your spell library contained the following spells:

 Spells                   Type           Power      Damage    Failure   Level
 Conjure Flame            Conj/Fire      11%        6-21      19%         3
 Dazzling Flash           Conj/Hex       22%        N/A       19%         3
 Blink                    Tloc           N/A        N/A       24%         2
 Call Imp                 Summ           2%         N/A       24%         2
 Slow                     Hex            2%         N/A       24%         2
 Mephitic Cloud           Conj/Pois/Air  12%        N/A       24%         3
 Swiftness                Air            3%         N/A       43%         3
 Fulminant Prism          Conj/Hex       5%         3d7       52%         4
 Iskenderun's Mystic Bla  Conj/Tloc      11%        2d4       52%         4
 Airstrike                Air            1%         N/A       83%         4
 Lightning Bolt           Conj/Air       8%         1d21      86%         5


Dungeon Overview and Level Annotations

Branches:
Dungeon (3/15)

Altars:


Innate Abilities, Weirdness & Mutations

You are partially covered in rugged brown scales. (AC +1, +3% HP)


Message History

The searing ray hits something.
The orc priest invokes the aid of Beogh against you.
Beogh smites you!
Unknown command.
A puff of flame appears from out of thin air!
The puff of flame hits you.
You can't go up here!
The bat hits you but does no damage.
There is a stone staircase leading up here.
The bat closely misses you. The bat hits you. x2
You can't go up here!
The bat hits you but does no damage.
There is a stone staircase leading up here.
The bat misses you. The bat barely misses you.
Something hits you but does no damage.
You climb upwards.
Reactivating autopickup.
There is a stone staircase leading down here.
Unknown command.
Unknown command.
Casting: Searing Ray (safe; 3% risk of failure)
Confirm with . or Enter, or press ? or * to list all spells.
You can't see any susceptible monsters within range! (Use Z to cast anyway.) Unknown command.
Something hits you.
Deactivating autopickup; reactivate with Ctrl-A.
You barely miss something. Something hits you.
* * * LOW HITPOINT WARNING * * *
You closely miss something. Something hits you.
* * * LOW HITPOINT WARNING * * *
You miss something. Something hits you.
* * * LOW HITPOINT WARNING * * *
Unknown command.
It was a potion of cancellation.
You feel magically purged. Something hits you.
* * * LOW HITPOINT WARNING * * *
Unknown command.
It was a potion of flight.
You feel very buoyant.
You fly up into the air.
Something hits you.
You die...

.....########
.....'......#
†....######.######
....†...........>#
........###.####.#
.#......# #.# #.#
.#......# #.# #.#
.#......# #.# #.#
.#......###.# #@#
........'...# #.#
.#......#.#.# #.#
.#......#.#.# #.#
.#......#.#.# #.#
.#......#.#.#
#.#########
.#......#.#.#
#.........#
.########.#.#
#.######.## '####
#.#.# #.# #.#


There were no monsters in sight!

Vanquished Creatures
  2 dart slugs (D:1)
  An orc (D:3)
  2 bats
  An endoplasm (D:1)
  A giant cockroach (D:1)
  2 goblins
  2 hobgoblins (D:1)
  2 jackals (D:1)
  A quokka (D:1)
  5 ball pythons
  4 frilled lizards
  6 rats
29 creatures vanquished.

Notes
Turn   | Place    | Note
-------+----------+-------------------------------------------
     0 | D:1      | Morbidden the Demonspawn Conjurer began the quest for the
                  | Orb.
     0 | D:1      | Reached XP level 1. HP: 13/13 MP: 3/3
   538 | D:1      | Gained mutation: You are partially covered in rugged brown
                  | scales. (AC +1, +3% HP) [demonic ancestry]
   538 | D:1      | Reached XP level 2. HP: 13/19 MP: 3/5
  1378 | D:1      | Learned a level 2 spell: Searing Ray
  2102 | D:2      | Reached XP level 3. HP: 25/25 MP: 3/6
  2177 | D:2      | Found a faded altar of an unknown god.
  2209 | D:2      | Learned a level 1 spell: Shock
  2212 | D:2      | Learned a level 2 spell: Static Discharge
  2379 | D:2      | HP: 1/25 [something (3)]
  2380 | D:2      | Slain by an orc wizard

Illustrated notes

Levels and vault maps discovered:
D:1:      lightli_arrival_boilingwater, layout_basic, minmay_misc_feat_tiny
D:2:      layout_basic, hellmonk_ecumenical_altar_blasted
D:3:      layout_basic

Skill      XL: |  1  2  3 |
---------------+----------+-----
Dodging        | 2 |  2.0
Fighting       | |  0.8
Stealth        | |  1.8
Spellcasting   | |  2.3
Conjurations   | |  4.5

Action                   || total
-------------------------++-------
Melee: Unarmed           ||    15
       Staff             ||     3
 Cast: Magic Dart        ||    56
       Searing Ray       ||     1
  Use: Potion            ||     2
Armor: Robe              ||     6
Dodge: Dodged            ||    16

Table legend: (Time is in decaauts)
 A = Elapsed time spent in this place.
 B = Non-inter-level travel time spent in this place.
 C = Inter-level travel time spent in this place.
 D = Time resting spent in this place.
 E = Time spent auto-exploring this place.
 F = Levels seen in this place.
 G = Mean time per level.
                   A        B        C        D        E       F      G
               +--------+--------+--------+--------+--------+-----+--------+
         Total |   2386 |   2292 |     94 |    282 |   1765 |   3 |  795.3 |
       Dungeon |   2386 |   2292 |     94 |    282 |   1765 |   3 |  795.3 |
               +--------+--------+--------+--------+--------+-----+--------+

Top non-repeatable levels by time:
     D:1: 1457 daAuts
     D:2: 886 daAuts
     D:3: 42 daAuts
